AoeStats
← LE FURET

Arena

504662095Analyzed
4v4 RM · 25d ago on Sep 6, 2026· 58m 39s· 8 players
Game mode
Random Map
Map size
Large (8 player)
Population
200
Speed
Normal
Resources
Standard
Victory
Conquest
Starting age
Dark Age
Ending age
Imperial Age
RankedLock teamsTeams togetherTeam positionsShared explorationLock speedFull tech treeHidden civsTurbo modeCheats
Victory
Defeat
🇦🇷 Mongols · Argentina
1471
+9
🇦🇷 Berbers · Argentina
1347
+14
🇦🇷 Turks · Argentina
1320
+15
🇦🇷 Poles · Argentina
1066
+24
🇨🇱 Goths · Chile
1314
-16
🇨🇱 Japanese · Chile
1312
-16
🇨🇱 Mongols · Chile
1274
-15
🇯🇵 Bulgarians · Japan
1270
-15
The Geo
10:26 Feudal Age
15:15 Castle Age
15:37 Double-Bit Axe
15:32 Horse Collar
20:39 Scale Barding Armor
20:22 Loom
24:03 Bloodlines
25:34 Chain Barding Armor
28:39 Wheelbarrow
33:32 Imperial Age
31:27 Bow Saw
32:06 Husbandry
32:53 Town Watch
33:23 Fletching
33:49 Bodkin Arrow
33:55 Gold Mining
33:56 Stone Mining
35:24 Conscription
35:43 Bracer
37:28 Padded Archer Armor
38:42 Chemistry
37:48 Onager
39:52 Leather Archer Armor
39:59 Ballistics
40:21 Forging
40:22 Heavy Plow
41:49 Light Cavalry
43:55 Capped Ram
45:37 Iron Casting
45:24 Siege Ram
52:05 Hussar
52:08 Heavy Camel Rider
52:18 Pikeman
56:23 Hussar
LE FURET
11:33 Feudal Age
12:07 Double-Bit Axe
16:11 Castle Age
14:55 Loom
18:38 Bow Saw
19:07 Horse Collar
20:08 Wheelbarrow
21:41 Forging
20:56 Pikeman
26:55 Gold Mining
27:13 Heavy Plow
29:23 Gold Mining
30:43 Squires
31:26 Iron Casting
33:46 Imperial Age
31:00 Man-at-Arms
31:53 Anarchy
32:52 Scale Mail Armor
34:04 Hand Cart
33:54 Town Watch
34:26 Halberdier
36:24 Two-Man Saw
37:15 Elite Huskarl
38:37 Chain Mail Armor
39:26 Conscription
38:40 Light Cavalry
39:50 Perfusion
40:54 Crop Rotation
40:44 Town Patrol
43:17 Hussar
44:08 Bloodlines
45:03 Blast Furnace
44:09 Scale Barding Armor
46:49 Chain Barding Armor
49:40 Chemistry
53:14 Cavalier
john wick
4:22 Loom
11:11 Feudal Age
13:03 Wheelbarrow
15:51 Castle Age
13:51 Double-Bit Axe
14:55 Horse Collar
18:49 Fletching
22:40 Bodkin Arrow
25:42 Scale Mail Armor
26:13 Forging
25:53 Arson
26:19 Gambesons
32:55 Imperial Age
31:00 Squires
31:25 Fervor
32:00 Bow Saw
33:21 Masonry
33:37 Ballistics
35:14 Chemistry
36:43 Bracer
40:04 Chain Mail Armor
40:24 Iron Casting
41:11 Guard Tower
41:07 Arrowslits
41:03 Treadmill Crane
41:19 Murder Holes
41:30 Siege Engineers
42:38 Yasama
45:24 Capped Ram
48:43 Blast Furnace
48:14 Plate Mail Armor
50:05 Hand Cart
50:49 Town Watch
52:05 Keep
53:32 Two-Man Saw
52:38 Heavy Plow
56:33 Elite Samurai
57:50 Hoardings
57:36 Kataparuto
cupubangetz
10:17 Feudal Age
10:45 Double-Bit Axe
11:06 Loom
18:07 Castle Age
18:59 Fletching
23:45 Horse Collar
25:31 Wheelbarrow
25:39 Heavy Plow
26:54 Bow Saw
28:00 Stone Mining
28:00 Gold Mining
30:34 Stone Shaft Mining
29:49 Gold Mining
30:34 Stone Shaft Mining
29:49 Gold Mining
30:31 Gold Mining
33:13 Forging
33:03 Scale Mail Armor
33:01 Bodkin Arrow
33:31 Hand Cart
33:47 Masonry
36:19 Imperial Age
33:39 Gambesons
33:54 Squires
34:32 Iron Casting
34:12 Chain Mail Armor
34:22 Scale Barding Armor
34:30 Bloodlines
34:20 Husbandry
34:55 Stirrups
37:17 Gold Shaft Mining
37:06 Chain Barding Armor
38:32 Conscription
38:13 Bagains
38:22 Bagains
39:35 Crop Rotation
39:43 Gold Shaft Mining
39:40 Architecture
39:15 Siege Engineers
39:31 Ballistics
40:12 Chemistry
38:46 Pikeman
42:14 Chemistry
41:59 Elite Konnik
44:11 Plate Barding Armor
44:36 Blast Furnace
43:37 Bracer
47:39 Murder Holes
47:08 Halberdier
48:31 Plate Mail Armor
49:25 Arson
53:45 Padded Archer Armor
55:13 Elite Skirmisher
57:20 Thumb Ring
Mauro
12:06 Feudal Age
13:34 Loom
16:06 Castle Age
14:35 Stone Mining
15:25 Horse Collar
16:28 Double-Bit Axe
17:01 Padded Archer Armor
18:48 Fletching
30:08 Heavy Plow
31:42 Wheelbarrow
31:05 Gold Mining
32:53 Hand Cart
35:35 Imperial Age
34:13 Town Watch
40:20 Conscription
47:27 Thumb Ring
50:50 Town Patrol
kei 2026
5:30 Loom
7:57 Feudal Age
8:49 Double-Bit Axe
12:04 Horse Collar
22:14 Castle Age
23:25 Stone Mining
23:50 Bow Saw
23:44 Heavy Plow
25:49 Wheelbarrow
25:34 Town Watch
32:23 Imperial Age
30:10 Gold Mining
32:02 Hand Cart
33:42 Conscription
34:04 Scale Barding Armor
34:09 Forging
34:49 Crop Rotation
33:51 Cavalier
34:31 Husbandry
35:23 Bloodlines
35:12 Fletching
34:59 Light Cavalry
36:28 Chain Barding Armor
36:19 Hussar
37:39 Iron Casting
38:42 Plate Barding Armor
39:57 Blast Furnace
39:17 Fortified Wall
40:04 Arson
40:30 Bodkin Arrow
40:41 Caravan
42:50 Chemistry
42:12 Ballistics
42:31 Bracer
42:28 Capped Ram
46:26 Kasbah
47:53 Padded Archer Armor
48:49 Coinage
48:30 Guilds
48:17 Elite Camel Archer
49:34 Leather Archer Armor
50:02 Masonry
51:24 Ring Archer Armor
50:38 Treadmill Crane
51:41 Hoardings
54:56 Scale Mail Armor
55:30 Banking
59:10 Siege Engineers
58:57 Guard Tower
59:03 Murder Holes
avaterchav
3:04 Loom
14:50 Feudal Age
16:13 Wheelbarrow
15:56 Horse Collar
19:58 Castle Age
18:53 Stone Mining
19:48 Scale Barding Armor
19:42 Gold Mining
22:01 Hand Cart
23:20 Double-Bit Axe
24:39 Chain Barding Armor
27:11 Stone Shaft Mining
27:34 Bow Saw
27:56 Heavy Plow
29:41 Szlachta Privileges
30:58 Bloodlines
30:50 Husbandry
32:20 Forging
32:11 Scale Mail Armor
37:39 Imperial Age
37:26 Iron Casting
37:06 Chain Mail Armor
37:44 Cavalier
42:57 Chemistry
42:18 Ballistics
41:54 Murder Holes
43:08 Masonry
44:03 Lechitic Legacy
43:36 Elite Genitour
44:03 Light Cavalry
45:17 Padded Archer Armor
45:08 Fletching
46:44 Winged Hussar
47:59 Plate Mail Armor
48:29 Blast Furnace
52:19 Crop Rotation
Feathers McGraw
11:40 Feudal Age
15:14 Castle Age
13:13 Double-Bit Axe
13:11 Horse Collar
16:13 Bow Saw
16:05 Heavy Plow
24:34 Wheelbarrow
24:16 Town Watch
24:18 Loom
24:29 Stone Mining
25:40 Gold Mining
26:11 Hand Cart
27:57 Gold Shaft Mining
27:58 Stone Shaft Mining
32:43 Imperial Age
31:41 Ballistics
31:32 Masonry
31:43 Bloodlines
31:34 Husbandry
31:26 Fletching
31:37 Padded Archer Armor
32:23 Bodkin Arrow
33:24 Coinage
32:55 Caravan
33:03 Thumb Ring
33:36 Leather Archer Armor
32:53 Elite Mangudai
33:55 Conscription
34:11 Hoardings
33:39 Bracer
34:50 Chemistry
34:54 Drill
35:05 Siege Engineers
36:20 Banking
36:05 Murder Holes
35:37 Onager
35:50 Heavy Scorpion
38:22 Parthian Tactics
41:20 Herbal Medicine
50:33 Capped Ram
51:36 Siege Ram
Connection lost

Rejoining the realm…

Still unreachable

The connection could not be restored.

Session expired

The server has moved on; the page needs a fresh start.